| TOP OF THE 1ST |
|
Durham Bulls batting - Pitching for Scranton WB RailRiders : RHP Andres Galindo
|
|
Pitching: RHP Andres Galindo
|
|
|
Batting: LHB Jake Rheaume
|
0-0: Ball 1-0: Ball 2-0: Foul Ball, location: 2F 2-1: Ball 3-1: Base on Balls
|
|
Batting: LHB Mario Ocana
|
0-0: Called Strike 0-1: Ball Jake Rheaume is caught stealing 2nd base 2-6 1-1: SINGLE (Line Drive, 89M, EV 98.1 MPH)
|
|
Batting: LHB Jimmy Buscemi
|
0-0: Called Strike 0-1: Foul Ball, location: 2F 0-2: Foul Ball, location: 2F 0-2: Ball 1-2: Ball 2-2: Grounds out, U3 (Groundball, 3L, EV 96.9 MPH)
|
|
Batting: LHB Davion Lewis
|
0-0: Called Strike 0-1: Ball 1-1: Ball 2-1: Swinging Strike 2-2: Strikes out swinging
|
| Top of the 1st over - 0 runs, 1 hit, 0 errors, 1 left on base; Durham 0 - Scranton WB 0 |
| BOTTOM OF THE 1ST |
|
Scranton WB RailRiders batting - Pitching for Durham Bulls : LHP Tris Ross
|
|
Pitching: LHP Tris Ross
|
|
|
Batting: RHB Devon Utley
|
0-0: Ball 1-0: Called Strike 1-1: Foul Ball, location: 2F 1-2: Strikes out looking
|
|
Batting: SHB Victor Ruiz
|
0-0: SINGLE (Flyball, 78S, EV 98.8 MPH)
|
|
Batting: SHB Mukhtar Wa'il
|
0-0: Called Strike 0-1: Foul Ball, location: 2F 0-2: Ball 1-2: Foul Ball, location: 2F 1-2: Strikes out swinging
|
|
Batting: RHB Scott King
|
0-0: Ball 1-0: Ball 2-0: Called Strike 2-1: DOUBLE (Flyball, 8LXD, EV 108.8 MPH) Victor Ruiz to third Runner from 3rd tries for Home, SAFE, throw by CF to trailing runner, OUT at third! 8-3-5
|
| Bottom of the 1st over - 1 run, 2 hits, 0 errors, 0 left on base; Durham 0 - Scranton WB 1 |
| TOP OF THE 2ND |
|
Durham Bulls batting - Pitching for Scranton WB RailRiders : RHP Andres Galindo
|
|
Batting: RHB Paul Landes
|
0-0: Foul Ball, location: 2F 0-1: Ball 1-1: Fly out, F8 (Flyball, 8RD, EV 90.6 MPH)
|
|
Batting: RHB Kevin Benfield
|
0-0: Ball 1-0: Swinging Strike 1-1: Swinging Strike 1-2: Strikes out swinging
|
|
Batting: SHB Jose Vargas
|
0-0: Foul Ball, location: 2F 0-1: Ground out 4-3 (Groundball, 4, EV 106.2 MPH)
|
| Top of the 2nd over - 0 runs, 0 hits, 0 errors, 0 left on base; Durham 0 - Scranton WB 1 |
| BOTTOM OF THE 2ND |
|
Scranton WB RailRiders batting - Pitching for Durham Bulls : LHP Tris Ross
|
|
Batting: LHB Dan Morris
|
0-0: Ball 1-0: Called Strike 1-1: Ball 2-1: Foul Ball, location: 2F 2-2: Fly out, F6 (Flyball, 6D, EV 94.4 MPH)
|
|
Batting: RHB Bobby Melillo
|
0-0: Ball 1-0: Foul Ball, location: 2F 1-1: Called Strike 1-2: Ball 2-2: Ball 3-2: Foul Ball, location: 2F 3-2: Fly out, F8 (Line Drive, 89M, EV 108.8 MPH)
|
|
Batting: SHB Edwin Dominguez
|
0-0: Ball 1-0: Ball 2-0: Ball 3-0: Called Strike 3-1: Foul Ball, location: 2F 3-2: Foul Ball, location: 2F 3-2: Base on Balls
|
|
Batting: LHB Aaron Joyner
|
0-0: Called Strike Edwin Dominguez steals 2nd, throwing error, E2 Edwin Dominguez to third 0-1: Ball 1-1: Foul Ball, location: 2F 1-2: DOUBLE (Flyball, 89D, EV 98.8 MPH) Edwin Dominguez scores
|
|
Batting: SHB Joe Fure
|
0-0: Ground out U3 (Groundball, 3S, EV 87.5 MPH)
|
| Bottom of the 2nd over - 1 run, 1 hit, 1 error, 1 left on base; Durham 0 - Scranton WB 2 |
| TOP OF THE 3RD |
|
Durham Bulls batting - Pitching for Scranton WB RailRiders : RHP Andres Galindo
|
|
Batting: LHB Danny Hull
|
0-0: Ball 1-0: SOLO HOME RUN (Flyball, 7LD, EV 92.5 MPH), Distance : 341 ft
|
|
Batting: RHB Jesse Haddad
|
0-0: Ball 1-0: Swinging Strike 1-1: Ball 2-1: Ball 3-1: Foul Ball, location: 2F 3-2: Foul Ball, location: 2F 3-2: Foul Ball, location: 2F 3-2: SINGLE (Groundball, 56, EV 96.9 MPH)
|
|
Batting: LHB Jake Rheaume
|
0-0: Ball 1-0: Swinging Strike 1-1: Foul Ball, location: 2F 1-2: Strikes out swinging
|
|
Batting: LHB Mario Ocana
|
0-0: Fly out, F8 (Line Drive, 8LD, EV 99.4 MPH)
|
|
Batting: LHB Jimmy Buscemi
|
0-0: Ball 1-0: Called Strike 1-1: Foul Ball, location: 2F 1-2: Ball Passed Ball! Jesse Haddad to second 2-2: Strikes out swinging
|
| Top of the 3rd over - 1 run, 2 hits, 0 errors, 1 left on base; Durham 1 - Scranton WB 2 |
| BOTTOM OF THE 3RD |
|
Scranton WB RailRiders batting - Pitching for Durham Bulls : LHP Tris Ross
|
|
Batting: RHB Devon Utley
|
0-0: Called Strike 0-1: Called Strike 0-2: Strikes out swinging
|
|
Batting: SHB Victor Ruiz
|
0-0: Called Strike 0-1: Ball 1-1: Swinging Strike 1-2: Ball 2-2: Ball 3-2: Strikes out swinging
|
|
Batting: SHB Mukhtar Wa'il
|
0-0: Fly out, F9 (Flyball, 89M, EV 85.6 MPH)
|
| Bottom of the 3rd over - 0 runs, 0 hits, 0 errors, 0 left on base; Durham 1 - Scranton WB 2 |
| TOP OF THE 4TH |
|
Durham Bulls batting - Pitching for Scranton WB RailRiders : RHP Andres Galindo
|
|
Batting: LHB Davion Lewis
|
0-0: Called Strike 0-1: Foul Ball, location: 2F 0-2: Ball 1-2: Foul Ball, location: 2F 1-2: Ball 2-2: Strikes out swinging
|
|
Batting: RHB Paul Landes
|
0-0: Ball 1-0: Ball 2-0: Ball 3-0: Called Strike 3-1: Fly out, F7 (Line Drive, 78M, EV 98.8 MPH)
|
|
Batting: RHB Kevin Benfield
|
0-0: Swinging Strike 0-1: Called Strike 0-2: SINGLE (Groundball, 34D, EV 109.4 MPH)
|
|
Batting: SHB Jose Vargas
|
0-0: Ground out 4-3 (Groundball, 34, EV 82.5 MPH)
|
| Top of the 4th over - 0 runs, 1 hit, 0 errors, 1 left on base; Durham 1 - Scranton WB 2 |
| BOTTOM OF THE 4TH |
|
Scranton WB RailRiders batting - Pitching for Durham Bulls : LHP Tris Ross
|
|
Batting: RHB Scott King
|
0-0: Ball 1-0: Called Strike 1-1: Called Strike 1-2: Fly out, F9 (Flyball, 9D, EV 78.1 MPH)
|
|
Batting: LHB Dan Morris
|
0-0: Called Strike 0-1: Called Strike 0-2: Fly out, F7 (Flyball, 7, EV 91.9 MPH)
|
|
Batting: RHB Bobby Melillo
|
0-0: Called Strike 0-1: Foul Ball, location: 2F 0-2: Ball 1-2: Foul Ball, location: 2F 1-2: SINGLE (Groundball, 23, EV 66.2 MPH) (infield hit)
|
|
Batting: SHB Edwin Dominguez
|
0-0: Ball 1-0: TRIPLE (Line Drive, 89XD, EV 106.2 MPH) Bobby Melillo scores
|
|
Batting: LHB Aaron Joyner
|
0-0: Ball 1-0: Ball 2-0: Foul Ball, location: 2F 2-1: Called Strike 2-2: Ball 3-2: Foul Ball, location: 2F 3-2: Strikes out swinging
|
| Bottom of the 4th over - 1 run, 2 hits, 0 errors, 1 left on base; Durham 1 - Scranton WB 3 |
| TOP OF THE 5TH |
|
Durham Bulls batting - Pitching for Scranton WB RailRiders : RHP Andres Galindo
|
|
Batting: LHB Danny Hull
|
0-0: Ball 1-0: Fly out, F7 (Flyball, 7, EV 98.8 MPH)
|
|
Batting: RHB Jesse Haddad
|
0-0: Ground out 3-1 (Groundball, 34, EV 102.5 MPH)
|
|
Batting: LHB Jake Rheaume
|
0-0: Called Strike 0-1: Foul Ball, location: 2F 0-2: Fly out, F8 (Flyball, 8RXD, EV 92.5 MPH)
|
| Top of the 5th over - 0 runs, 0 hits, 0 errors, 0 left on base; Durham 1 - Scranton WB 3 |
| BOTTOM OF THE 5TH |
|
Scranton WB RailRiders batting - Pitching for Durham Bulls : LHP Tris Ross
|
|
Batting: SHB Joe Fure
|
0-0: Swinging Strike 0-1: Swinging Strike 0-2: Ball 1-2: Ball 2-2: Fly out, F9 (Flyball, 9LM, EV 90.0 MPH)
|
|
Batting: RHB Devon Utley
|
0-0: Foul Ball, location: 2F 0-1: Ball 1-1: SINGLE (Groundball, 6S, EV 75.6 MPH) (infield hit)
|
|
Batting: SHB Victor Ruiz
|
0-0: Ball 1-0: Swinging Strike 1-1: Swinging Strike 1-2: Ball 2-2: Grounds into double play, 5-4-3 (Groundball, 5, EV 85.6 MPH)
|
| Bottom of the 5th over - 0 runs, 1 hit, 0 errors, 0 left on base; Durham 1 - Scranton WB 3 |
| TOP OF THE 6TH |
|
Durham Bulls batting - Pitching for Scranton WB RailRiders : RHP Andres Galindo
|
|
Batting: LHB Mario Ocana
|
0-0: Swinging Strike 0-1: Ball 1-1: Ground out 4-3 (Groundball, 4, EV 106.9 MPH)
|
|
Batting: LHB Jimmy Buscemi
|
0-0: Ball 1-0: Called Strike 1-1: Ball 2-1: SINGLE (Line Drive, 6D, EV 99.4 MPH)
|
|
Batting: LHB Davion Lewis
|
0-0: Swinging Strike 0-1: Foul Ball, location: 2F 0-2: Foul Ball, location: 2F 0-2: Ground out 4-3 (Groundball, 4D, EV 103.8 MPH) Jimmy Buscemi to second
|
|
Batting: RHB Paul Landes
|
0-0: Called Strike 0-1: Ball 1-1: SINGLE (Groundball, 4D, EV 103.1 MPH) Jimmy Buscemi to third Runner from 3rd tries for Home, SAFE, throw by CF to home Paul Landes to second
|
|
Batting: RHB Kevin Benfield
|
0-0: Called Strike 0-1: Ball 1-1: Reached on error, E4 (Groundball, 4, EV 86.2 MPH) Paul Landes to third
|
|
Batting: SHB Jose Vargas
|
0-0: Ball 1-0: Ball 2-0: Foul Ball, location: 2F 2-1: Foul Ball, location: 2F 2-2: Foul Ball, location: 2F 2-2: Ground out 6-3 (Groundball, 6S, EV 83.8 MPH)
|
| Top of the 6th over - 1 run, 2 hits, 1 error, 2 left on base; Durham 2 - Scranton WB 3 |
| BOTTOM OF THE 6TH |
|
Scranton WB RailRiders batting - Pitching for Durham Bulls : LHP Tris Ross
|
|
Batting: SHB Mukhtar Wa'il
|
0-0: Called Strike 0-1: Foul Ball, location: 2F 0-2: Ball 1-2: Strikes out swinging, 2-3 out at first.
|
|
Batting: RHB Scott King
|
0-0: Foul Ball, location: 2F 0-1: Ball 1-1: Called Strike 1-2: Ground out 6-3 (Groundball, 6, EV 90.0 MPH)
|
|
Batting: LHB Dan Morris
|
0-0: Ball 1-0: Foul Ball, location: 2F 1-1: Ball 2-1: Foul Ball, location: 2F 2-2: Ground out 1-3 (Groundball, P, EV 67.5 MPH)
|
| Bottom of the 6th over - 0 runs, 0 hits, 0 errors, 0 left on base; Durham 2 - Scranton WB 3 |
| TOP OF THE 7TH |
|
Durham Bulls batting - Pitching for Scranton WB RailRiders : RHP Andres Galindo
|
|
Batting: LHB Danny Hull
|
0-0: Foul Ball, location: 2F 0-1: Ball 1-1: Ball 2-1: Ground out 4-3 (Groundball, 34D, EV 78.8 MPH)
|
|
Pitching: RHP John Robidoux
|
|
|
Batting: RHB Jesse Haddad
|
0-0: Foul Ball, location: 2F 0-1: Foul Ball, location: 2F 0-2: Ball 1-2: Ball 2-2: Ball 3-2: Ground out 4-3 (Groundball, 4, EV 99.4 MPH)
|
|
Batting: LHB Jake Rheaume
|
0-0: Ball 1-0: Swinging Strike 1-1: Foul Ball, location: 2F 1-2: Ground out U3 (Groundball, 34, EV 91.2 MPH)
|
| Top of the 7th over - 0 runs, 0 hits, 0 errors, 0 left on base; Durham 2 - Scranton WB 3 |
| BOTTOM OF THE 7TH |
|
Scranton WB RailRiders batting - Pitching for Durham Bulls : LHP Tris Ross
|
|
Batting: RHB Bobby Melillo
|
0-0: Called Strike 0-1: Ball 1-1: Called Strike 1-2: Foul Ball, location: 2F 1-2: Ball 2-2: Ball 3-2: Foul Ball, location: 2F 3-2: Ground out 4-3 (Groundball, 4, EV 85.6 MPH)
|
|
Batting: SHB Edwin Dominguez
|
0-0: Called Strike 0-1: Ball 1-1: Ground out 5-3 (Groundball, 5S, EV 66.9 MPH)
|
|
Batting: LHB Aaron Joyner
|
0-0: Ground out 6-3 (Groundball, 6, EV 94.4 MPH)
|
| Bottom of the 7th over - 0 runs, 0 hits, 0 errors, 0 left on base; Durham 2 - Scranton WB 3 |
| TOP OF THE 8TH |
|
Durham Bulls batting - Pitching for Scranton WB RailRiders : RHP John Robidoux
|
|
Batting: LHB Mario Ocana
|
0-0: Called Strike 0-1: Swinging Strike 0-2: Ball 1-2: Ground out U3 (Groundball, 3, EV 77.5 MPH)
|
|
Batting: LHB Jimmy Buscemi
|
0-0: Foul Ball, location: 2F 0-1: Ball 1-1: Called Strike 1-2: Ball 2-2: Strikes out looking
|
|
Batting: LHB Davion Lewis
|
0-0: Called Strike 0-1: SINGLE (Groundball, 4MS, EV 72.5 MPH) (infield hit)
|
|
Batting: RHB Paul Landes
|
0-0: SINGLE (Line Drive, 78M, EV 95.0 MPH) Davion Lewis to second Runner from 2nd tries for 3rd, SAFE, throw by CF made to third
|
|
Batting: RHB Kevin Benfield
|
0-0: Called Strike 0-1: Swinging Strike 0-2: SINGLE (Line Drive, 4M, EV 108.8 MPH) Davion Lewis scores Paul Landes to second
|
|
Batting: SHB Jose Vargas
|
0-0: Foul Ball, location: 2F 0-1: Ball 1-1: Ball 2-1: Ball 3-1: SINGLE (Line Drive, 56D, EV 96.2 MPH) Paul Landes to third Kevin Benfield to second Runner from 3rd tries for Home, SAFE, throw by LF to home
|
|
Batting: LHB Danny Hull
|
0-0: Ball 1-0: Called Strike 1-1: Foul Ball, location: 2F 1-2: Ball 2-2: Foul Ball, location: 2F 2-2: Ball 3-2: Strikes out swinging
|
| Top of the 8th over - 2 runs, 4 hits, 0 errors, 2 left on base; Durham 4 - Scranton WB 3 |
| BOTTOM OF THE 8TH |
|
Scranton WB RailRiders batting - Pitching for Durham Bulls : LHP Tris Ross
|
|
Pitching: RHP Eric Hudson
|
|
|
Batting: SHB Joe Fure
|
0-0: Ball 1-0: Ball 2-0: Foul Ball, location: 2F 2-1: Ground out U3 (Groundball, 3L, EV 105.0 MPH)
|
|
Batting: RHB Devon Utley
|
0-0: Ball 1-0: Swinging Strike 1-1: Foul Ball, location: 2F 1-2: Ball 2-2: Foul Ball, location: 2F 2-2: Ball 3-2: Base on Balls
|
|
Batting: SHB Victor Ruiz
|
0-0: Ball 1-0: Ball 2-0: Foul Ball, location: 2F 2-1: Foul Ball, location: 2F 2-2: Foul Ball, location: 2F 2-2: Foul Ball, location: 2F 2-2: Ball 3-2: Strikes out swinging
|
|
Batting: SHB Mukhtar Wa'il
|
0-0: Ball 1-0: Fly out, F8 (Flyball, 8LD, EV 78.1 MPH)
|
| Bottom of the 8th over - 0 runs, 0 hits, 0 errors, 1 left on base; Durham 4 - Scranton WB 3 |
| TOP OF THE 9TH |
|
Durham Bulls batting - Pitching for Scranton WB RailRiders : RHP John Robidoux
|
|
Pitching: RHP Isaias Chavez
|
|
|
Pinch Hitting: SHB Brett McEwen
|
0-0: Ball 1-0: Ball 2-0: Ground out 6-3 (Groundball, 56, EV 107.5 MPH)
|
|
Batting: LHB Jake Rheaume
|
0-0: Ball 1-0: Ball 2-0: Ball 3-0: Called Strike 3-1: Swinging Strike 3-2: Foul Ball, location: 2F 3-2: Foul Ball, location: 2F 3-2: Foul Ball, location: 2F 3-2: Foul Ball, location: 2F 3-2: Fly out, F7 (Flyball, 7, EV 85.6 MPH)
|
|
Batting: LHB Mario Ocana
|
0-0: Ball 1-0: DOUBLE (Line Drive, 78D, EV 102.5 MPH)
|
|
Batting: LHB Jimmy Buscemi
|
0-0: Called Strike 0-1: Called Strike 0-2: Strikes out swinging
|
| Top of the 9th over - 0 runs, 1 hit, 0 errors, 1 left on base; Durham 4 - Scranton WB 3 |
| BOTTOM OF THE 9TH |
|
Scranton WB RailRiders batting - Pitching for Durham Bulls : RHP Eric Hudson
|
|
Pitching: RHP Nelson Dawson
|
|
|
Now in RF: Brian Hollinger
|
|
|
Batting: RHB Scott King
|
0-0: Fly out, F7 (Flyball, 78D, EV 88.1 MPH)
|
|
Batting: LHB Dan Morris
|
0-0: Ball 1-0: SINGLE (Groundball, 34D, EV 101.2 MPH)
|
|
Pinch Hitting: LHB Jose Lebron
|
0-0: Reached on error, E4 (Groundball, 4, EV 97.5 MPH) Dan Morris to second
|
|
Batting: SHB Edwin Dominguez
|
0-0: Foul Ball, location: 2F 0-1: Ball 1-1: Swinging Strike 1-2: Strikes out swinging
|
|
Batting: LHB Aaron Joyner
|
0-0: Ball 1-0: Foul Ball, location: 2F 1-1: Called Strike 1-2: Ball 2-2: Strikes out looking
|
| Bottom of the 9th over - 0 runs, 1 hit, 1 error, 2 left on base; Durham 4 - Scranton WB 3 |
|